[Event "GER-ch Youth-ODJM 2022"]
[Site "Willingen"]
[Date "2022.06.06"]
[Round "3.15"]
[White "Savchenko, Daniel"]
[Black "Brockmeyer, Tobias"]
[Result "0-1"]
[ECO "C07"]
[WhiteElo "2134"]
[BlackElo "1936"]
[Annotator "TA"]
[PlyCount "83"]
[EventDate "2022.06.05"]
[EventType "swiss"]
[EventRounds "9"]
[EventCountry "GER"]
[SourceTitle "playchess.com"]
[Source "ChessBase"]
[SourceQuality "1"]
[TimeControl "40/4500+30:900+30"]

1. e4 e6 2. d4 d5 3. Nd2 c5 4. exd5 Qxd5 5. Ngf3 cxd4 6. Bc4 Qd7 {[%emt 0:00:00] C07: French Tarrasch: 3...c5, 4 Ngf3 and 4 exd5 Qxd5.} 7. O-O Nf6 8. Nb3 Nc6 {[%emt 0:00:00] White is slightly better.} 9. Nbxd4 Nxd4 10. Nxd4 a6 {[%emt 0:00:00] Against Bb5} 11. a4 {[%emt 0:00:00] Inhibits b5.} Bc5 12. Be3 O-O 13. c3 {[%emt 0:02:10][%cal Bc2c3,Bc3c4][%mdl 32] [#]} b6 $146 ({Predecessor:} 13... Qc7 14. Bb3 b6 15. Qe2 Bb7 16. Bc2 Rfd8 17. Rad1 Rd5 18. Nf3 Rh5 19. h3 Ng4 {0-1 (39) Maslikova,V (2222)-Paulauskaite,G (2053) Istanbul 2012}) 14. Qe2 Bb7 15. Rfd1 Qc7 16. h3 Nd5 17. Bxd5 Bxd5 18. c4 Bb7 19. Rab1 Rac8 20. b4 Be7 21. Rdc1 Rfd8 (21... Be4 $5 22. Rb3 Rfd8 $15) 22. c5 bxc5 23. bxc5 {[%emt 0:00:14] Strongly threatening c6.} Be4 (23... Bxc5 $2 24. Nb3 $18) 24. Rb2 (24. Rb4 $11 Bb7 25. a5) 24... Qe5 $1 $17 ({Don't take} 24... Bxc5 25. Nxe6 $1 fxe6 26. Rxc5 $16) 25. Qxa6 Rxc5 26. Rxc5 Bxc5 27. Rd2 h6 {[%emt 0:01:13] Black is more active.} (27... Bb4 $17 28. Rb2 Rxd4 29. Bxd4 Qxd4 30. Qc8+ Bf8) 28. Qa5 (28. Nf3 $11 Qa1+ 29. Kh2 Rxd2 30. Nxd2 Qe5+ 31. Kh1 Bxe3 32. fxe3) 28... Rc8 $2 ({Much less strong is} 28... Rxd4 29. Bxd4 Qg5 30. g4 $18) ({Better is} 28... Rb8 $19 {( -> ...Rb1+)} 29. f4 Qd6) 29. Nb3 $15 Bd6 $40 {[%emt 0:00:16][%cal Oe5a1][%mdl 128] Black mounts an attack. A strong pair of Bishops.} 30. Qa6 $2 (30. Qxe5 $15 Bxe5 31. Nc5) 30... Qh2+ $19 31. Kf1 Qxg2+ 32. Ke1 Qh1+ 33. Ke2 Qf3+ (33... Bf3+ $142 34. Kd3 Qf1+ 35. Re2 Qxe2+ 36. Kd4 e5#) 34. Ke1 {[%emt 0:00:13] [#]} Qh1+ $2 (34... Bb7 $1 $19 35. Qe2 Bb4 36. Qxf3 Bxf3) 35. Qf1 (35. Ke2 $11 Bf3+ 36. Kd3 Qb1+ 37. Rc2 Qxc2+ 38. Kd4 e5#) 35... Bb4 {[%emt 0:00:37] White must now prevent ...Qf3.} 36. Qxh1 Bxh1 37. Ke2 Bxd2 38. Bxd2 Bd5 39. Nc1 Bc4+ 40. Ke3 Kf8 41. a5 Ke8 42. Kd4 {Weighted Error Value: White=0.69/Black=0.62} 0-1

[Event "GER-ch Youth-ODJM 2022"]
[Site "Willingen"]
[Date "2022.06.06"]
[Round "3.16"]
[White "Kracht, Raphael"]
[Black "Garbuz, Nicole"]
[Result "1-0"]
[ECO "C68"]
[WhiteElo "2086"]
[BlackElo "1824"]
[Annotator "TA"]
[PlyCount "92"]
[EventDate "2022.06.05"]
[EventType "swiss"]
[EventRounds "9"]
[EventCountry "GER"]
[SourceTitle "playchess.com"]
[Source "ChessBase"]
[SourceQuality "1"]
[TimeControl "40/4500+30:900+30"]

1. e4 e5 2. Nf3 Nc6 3. Bb5 a6 4. Bxc6 dxc6 5. O-O f6 6. d4 exd4 7. Nxd4 c5 8. Nb3 Qxd1 9. Rxd1 Bg4 10. f3 Bd7 11. Bf4 O-O-O 12. Nc3 Be6 {[%emt 0:06:21] C69: Ruy Lopez: Exchange Variation with 5 0-0 f6.} 13. Rxd8+ Kxd8 14. Rd1+ Kc8 {[%emt 0:00:13] The position is equal.} 15. Nd5 Bxd5 16. Rxd5 b6 17. Rd1 Ne7 18. Kf2 {[%emt 0:00:00] [#]} Nc6 $146 ({Predecessor:} 18... Ng6 19. Bg3 Be7 20. Nc1 Rf8 21. Rd5 Bd8 22. Ne2 Ne7 23. Rd1 Ng6 24. Nf4 Nxf4 25. Bxf4 {½-½ (39) Lipnowski,S (2288)-Gentes,K (2329) Winnipeg 2004}) 19. c3 Be7 20. Nd2 Rd8 21. Ke2 Bd6 22. Bxd6 Rxd6 $14 {[%emt 0:06:57][%mdl 4096] Endgame KRN-KRN} 23. Nc4 Re6 24. Ne3 Ne7 25. Kf2 Rd6 26. f4 Kd7 27. Kf3 b5 28. h4 b4 (28... Rxd1 $11 {remains equal.} 29. Nxd1 c4) 29. Rxd6+ cxd6 30. cxb4 cxb4 $16 {[%emt 0:00:04] KN-KN} 31. g4 Nc6 32. Nd5 a5 (32... b3 $14 33. axb3 Nd4+ 34. Ke3 Nxb3) 33. Ke3 Ke6 34. Nc7+ (34. h5 $16) 34... Kd7 $1 $11 35. Nb5 g6 $2 (35... g5 $1 $11) 36. Nd4 $16 Ne7 {[%emt 0:00:52] [#]} (36... Nd8 $16) 37. g5 $1 $18 fxg5 38. hxg5 d5 39. f5 (39. Nb3 $142) 39... gxf5 $2 (39... dxe4 $16 40. f6 Nf5+ 41. Kxe4 Nxd4 42. Kxd4 Kd6) 40. exf5 Kd6 {[%emt 0:00:39] [#]} 41. Kf4 a4 42. Ne6 {[%emt 0:00:00] And now Nf8 would win.} Ng8 43. Nd4 {[%emt 0:00:00] Threatens to win with f6.} Ne7 $1 44. Nf3 $2 (44. b3 $18 {is the precise move to win.}) 44... Kc5 $2 (44... Nc6 $16 45. b3 axb3 46. axb3 Ke7) 45. g6 Nxg6+ 46. fxg6 hxg6 {[%emt 0:00:03] Weighted Error Value: White=0.30/Black=0.32} 1-0

[Event "GER-ch Youth-ODJM 2022"]
[Site "Willingen"]
[Date "2022.06.06"]
[Round "3.17"]
[White "Metzinger, Hannes"]
[Black "Bartelt, Max Peter"]
[Result "1-0"]
[ECO "C01"]
[WhiteElo "1845"]
[BlackElo "1959"]
[Annotator "TA"]
[PlyCount "99"]
[EventDate "2022.06.05"]
[EventType "swiss"]
[EventRounds "9"]
[EventCountry "GER"]
[SourceTitle "playchess.com"]
[Source "ChessBase"]
[SourceQuality "1"]
[TimeControl "40/4500+30:900+30"]

1. e4 e6 2. d4 d5 3. exd5 exd5 4. c4 Nf6 5. Nc3 Be7 6. Bd3 Be6 {[%emt 0:00:00] C01: French: Exchange Variation.} 7. c5 {[%emt 0:00:00] [#]} b6 $146 ({Predecessor:} 7... Qd7 8. Nge2 Bf5 9. Qc2 Bxd3 10. Qxd3 Nc6 11. Bf4 O-O 12. O-O Rfe8 13. Rfe1 Nb4 {½-½ (35) Heimlich,O (1715)-Dette,T (1815) Germany 2017}) 8. b4 O-O {[%emt 0:00:00] The position is equal.} (8... a5 $5 9. Bf4 Nc6 $11) 9. a3 a5 {[%emt 0:00:00] White must now prevent ...axb4.} 10. Rb1 axb4 11. axb4 Nc6 12. Nge2 Bg4 13. f3 Bh5 14. O-O (14. Bb5 $5 Nb8 15. Nf4 $14) 14... Bg6 15. Bf4 Nh5 (15... bxc5 $11 16. bxc5 Nh5) 16. Be3 $14 Re8 {[%emt 0:02:01] [#]} (16... Bxd3 $11 17. Qxd3 Nf6) 17. Bxg6 (17. Bb5 $1 $16 Bxb1 18. Bxc6 (18. Qxb1 Qd7 $15)) 17... hxg6 $11 18. Qd2 Qd7 19. Rfc1 bxc5 20. dxc5 Rad8 {[%emt 0:11:57] ...d4 is the strong threat.} 21. Rd1 Qe6 (21... Qf5 22. Bf2 (22. Nxd5 Nf6) 22... Bg5) (21... Bh4 $11) 22. Nd4 $14 Nxd4 23. Bxd4 Bf6 24. b5 Qf5 25. b6 cxb6 26. cxb6 Nf4 {[%emt 0:02:25] Hoping for ...Bxd4+.} 27. Bxf6 Qxf6 28. b7 Qxc3 29. Qxf4 $16 Rb8 (29... Qc5+ $16 30. Kh1 Rb8) 30. h4 $2 (30. Rdc1 $18 Qa5 31. h3) 30... Qa5 (30... Qe5 $1 $11 {and Black stays safe.} 31. Qxe5 Rxe5) 31. Kh2 {[%emt 0:01:28] aiming for Rdc1.} Qa7 $2 (31... Red8 {keeps fighting.} 32. Re1 Qa6) 32. Qc7 (32. Rxd5 Rxb7 33. Rbd1 Rbe7 $11) 32... Qf2 (32... Red8 $142 33. Rb4 Qa3) 33. Kh3 $18 {[%emt 0:00:39] Active counter play!} Qa2 34. Ra1 Qb3 35. Rab1 Qa2 36. Rb5 (36. Re1 $142 {Threatening mate with Rxe8+.} Rf8 37. Rb6) 36... Qc4 $2 (36... Qa6 37. Rb6 (37. Rdxd5 Qe6+ 38. Kh2 Qe7 $14) 37... Qa5) 37. Qxc4 dxc4 {[%emt 0:00:04][%mdl 4096] Endgame [#] KRR-KRR} 38. Rd7 $1 Rf8 39. Rc5 g5 40. hxg5 Kh7 41. Rxc4 Kg6 42. Kg4 Rh8 43. f4 {[%emt 0:00:28][%cal Bf3f4,Bf4f5][%mdl 32] White mates.} Rh2 44. f5+ Kh7 45. Kg3 Rh5 46. Rc8 Rxg5+ 47. Kf4 Rxb7 48. Rxb7 Rxg2 49. Rxf7 Rg5 50. Rh8+ {[%emt 0:00:18] Weighted Error Value: White=0.43/Black=0.53} (50. Rff8 $142 Rxf5+ 51. Kxf5 g6+ 52. Kf6 Kh6 53. Rh8#) 1-0

[Event "GER-ch Youth-ODJM 2022"]
[Site "Willingen"]
[Date "2022.06.06"]
[Round "3.18"]
[White "Brunner, Tobias"]
[Black "Schwartz, Oliver"]
[Result "1-0"]
[ECO "B24"]
[WhiteElo "2007"]
[BlackElo "1753"]
[Annotator "TA"]
[PlyCount "101"]
[EventDate "2022.06.05"]
[EventType "swiss"]
[EventRounds "9"]
[EventCountry "GER"]
[SourceTitle "playchess.com"]
[Source "ChessBase"]
[SourceQuality "1"]
[TimeControl "40/4500+30:900+30"]

1. e4 c5 2. Nc3 Nc6 3. g3 g6 4. Bg2 Bg7 5. f4 d6 6. Nf3 e6 7. O-O Nge7 8. Ne2 O-O 9. c3 f5 10. d3 Rb8 11. Be3 {[%emt 0:01:40] B25: Closed Sicilian: 3 g3, lines without early Be3.} b5 12. Rb1 {[%emt 0:15:38] [#]} a5 $146 ({Predecessor:} 12... Bb7 13. Qc2 a5 14. a3 Na7 15. Rfd1 Qc8 16. Rdc1 Ra8 17. Ng5 h6 18. Nh3 Qc6 {0-1 (95) Michalik,M (1161)-Bounine,D (1302) Rotenburg/Wuemme 2007}) 13. Qc2 {[%emt 0:07:09] The position is equal.} Qd7 14. Rfd1 c4 (14... Bb7 $11) 15. dxc4 bxc4 16. Bc5 d5 (16... fxe4 $1 $14 17. Qxe4 (17. Rxd6 Qc7 $11) 17... d5) 17. exd5 $18 exd5 18. Nfd4 ({White should play} 18. Ned4) 18... Nxd4 (18... Re8 $16) 19. Nxd4 Bb7 20. Re1 Rfe8 21. Qd2 Rbc8 (21... Bh8 $16 {was necessary.} 22. Re2 Rbc8) 22. Ba3 (22. Ne6 $18 {is the precise move to win.}) 22... Nc6 $16 {[%emt 0:04:06] [#]} 23. Ne6 $1 {[%emt 0:01:42] Threatens to win with Nc5.} d4 (23... Rxe6 $2 24. Qxd5 Qxd5 25. Bxd5 $18) 24. Nc5 {[%emt 0:02:53] White is more active.} Qc7 (24... Rxe1+ 25. Qxe1 (25. Rxe1 Qf7 $18) 25... Qf7 26. Nxb7 Qxb7 27. Qe6+ Kh8 28. Re1 $18) (24... Qf7 $16 {might work better.}) 25. Nxb7 (25. Rxe8+ $18 {has better winning chances.} Rxe8 26. Re1) 25... Qxb7 26. Bd5+ Kh8 27. Qg2 (27. Rxe8+ $16 Rxe8 28. cxd4) 27... Rxe1+ $15 28. Rxe1 {[%emt 0:00:07] aiming for Bxc6.} dxc3 29. bxc3 Bxc3 30. Rd1 Qb6+ 31. Kh1 Nb4 (31... Bb4 $5 32. Bc1 Ne7 $15) 32. Bxc4 Rd8 33. Rxd8+ Qxd8 34. h4 Qc8 35. Qe2 $40 {[%emt 0:01:56][%mdl 128] White attacks.} Qc6+ 36. Kh2 {[%emt 0:00:15] And now Bb2 would win.} (36. Kg1 {feels hotter.} Qc5+ 37. Kh2 Kg7 38. h5) 36... Qe4 37. Qxe4 fxe4 $11 {[%emt 0:00:02][%mdl 4096] Endgame KBB-KBN} 38. Kg2 Kg7 39. Kf2 Nd3+ (39... Kf6 $11) 40. Ke3 $16 Nb4 (40... h5 $16 {was called for.} 41. Kxe4 Nf2+ 42. Ke3 Ng4+ 43. Ke2 Nh6) 41. Kxe4 $18 Kf6 42. g4 Kg7 43. Bc1 Be1 $2 (43... h5 44. a3 Nc6 45. gxh5 gxh5) 44. Bb2+ Kf8 45. Bf6 Nc6 46. h5 Ne7 $2 (46... gxh5 47. gxh5 Ne7) 47. h6 {[%emt 0:00:00] Strongly threatening Ke5.} Bd2 48. Ke5 Bb4 49. Ke6 {[%emt 0:00:00] Kd7 would kill now.} Ke8 50. f5 Ba3 51. Bxe7 {[%emt 0:00:00] Weighted Error Value: White=0.23 (precise) /Black=0.68} 1-0

[Event "GER-ch Youth-ODJM 2022"]
[Site "Willingen"]
[Date "2022.06.06"]
[Round "3.20"]
[White "Hofmann, Lorenz"]
[Black "Scherer, Josua"]
[Result "1-0"]
[ECO "D35"]
[WhiteElo "2056"]
[BlackElo "1775"]
[Annotator "TA"]
[PlyCount "95"]
[EventDate "2022.06.05"]
[EventType "swiss"]
[EventRounds "9"]
[EventCountry "GER"]
[SourceTitle "playchess.com"]
[Source "ChessBase"]
[SourceQuality "1"]
[TimeControl "40/4500+30:900+30"]

1. d4 d5 2. c4 e6 3. cxd5 exd5 4. Nc3 Nf6 5. Bg5 Be7 6. e3 Nbd7 7. Bd3 c6 8. Nge2 h6 9. Bh4 O-O 10. O-O Re8 {[%emt 0:00:00] The main line 10...Re8 scores better than 10...Ne4. D35: Queen's Gambit Declined: Exchange Variation.} 11. f3 b6 12. Bf2 Bb7 {[%emt 0:08:20] [#] The position is equal.} 13. a3 $146 ({Predecessor:} 13. Qd2 c5 14. dxc5 Bxc5 15. Nd4 Ne5 16. Bb5 Nfd7 17. Rfd1 a6 18. Bf1 Qf6 19. b3 {1-0 (58) Obodchuk,A (2365)-Drtina,M (2260) Hlohovec 1993}) 13... c5 14. Rc1 Rc8 15. Bb1 a6 16. dxc5 Bxc5 17. Nd4 Ne5 18. Ba2 Nc4 19. Bxc4 dxc4 20. e4 b5 21. Nf5 Qb6 22. Qe2 Rcd8 23. Rfd1 {[%emt 0:02:53] Against Nd5} Kf8 (23... Nd7 $11) 24. Bxc5+ $14 Qxc5+ 25. Qf2 Qxf2+ 26. Kxf2 Bc6 27. Ke3 h5 28. Rd4 g6 29. Ng3 (29. Rxd8 $14 Rxd8 30. Nd4) 29... Ke7 30. Rcd1 Nd7 31. Nge2 Nc5 32. Rxd8 Rxd8 33. Rxd8 Kxd8 $11 {[%emt 0:00:01][%mdl 4096] Endgame KBN-KNN} 34. Kd4 Ne6+ 35. Ke5 a5 $2 {[%emt 0:03:15] [#]} (35... Kd7 $11 {and Black has nothing to worry.}) 36. Nd4 $18 Nxd4 37. Kxd4 $16 {[%emt 0:00:04] KB-KN} Kd7 $2 (37... b4) 38. Kc5 $18 f5 (38... b4 $142 39. axb4 axb4) 39. exf5 gxf5 40. Nxb5 f4 41. Kxc4 h4 42. h3 {[%emt 0:00:00] [#] Hoping for a4.} Bb7 43. b4 axb4 44. axb4 Kc6 45. Nd4+ (45. Nc3 $142 Bc8 46. b5+ Kc7 47. Kc5) 45... Kd6 46. b5 Bd5+ 47. Kb4 Ke5 48. Kc5 {[%emt 0:00:00] Weighted Error Value: White=0.08 (flawless) /Black=0.65} 1-0

[Event "GER-ch Youth-ODJM 2022"]
[Site "Willingen"]
[Date "2022.06.06"]
[Round "3.21"]
[White "Dornieden, Jonas"]
[Black "Pick, Max"]
[Result "1/2-1/2"]
[ECO "B01"]
[WhiteElo "2072"]
[BlackElo "1841"]
[Annotator "TA"]
[PlyCount "149"]
[EventDate "2022.06.05"]
[EventType "swiss"]
[EventRounds "9"]
[EventCountry "GER"]
[SourceTitle "playchess.com"]
[Source "ChessBase"]
[SourceQuality "1"]
[TimeControl "40/4500+30:900+30"]

1. e4 d5 2. exd5 Nf6 3. d4 Nxd5 4. c4 Nb6 5. Nf3 Bg4 6. Nc3 {[%emt 0:00:00] B01: Scandinavian Defence.} Nc6 7. c5 (7. d5 $5 Ne5 8. c5 $16) 7... Nd5 8. Bb5 {[%emt 0:03:37] White is slightly better.} Nxc3 (8... g6 $14) 9. bxc3 $16 Qd5 10. Be3 {[%emt 0:21:15] Active counter play!} O-O-O (10... e6 $16 {is a better defense.}) 11. Be2 $1 $18 {[%emt 0:06:23] [#]} e5 $146 ({Predecessor:} 11... Na5 12. Qa4 b6 13. O-O Bd7 14. Qa3 Kb8 15. Ne5 Be8 16. Bf3 Qe6 17. cxb6 cxb6 18. Rab1 Nb7 19. Qa6 Qc8 20. Bf4 Nd6 21. Rxb6+ Kc7 22. Qxa7+ {1-0 (22) Schenk,M (2048)-Wolf,A (1761) Uckley 2001}) 12. c4 Qe4 13. Bd3 $2 (13. d5 $16 {Black must now prevent Bd3.} Bxf3 14. gxf3) 13... Bxf3 $15 14. gxf3 Qh4 15. d5 Nd4 16. Bxd4 exd4 17. Bf5+ (17. c6 $1 $15) 17... Kb8 $17 18. c6 (18. d6 $17 {was called for.}) 18... Bb4+ $2 (18... Re8+ $1 $19 19. Kf1 Bc5) 19. Kf1 $15 {[%emt 0:00:29] Qb1 is the strong threat.} Bc5 {[%emt 0:05:35][%cal Od4d3] aiming for ...d3!} 20. Qd2 (20. Qb1 $15 b6 21. Qe4) 20... Rhe8 {[%emt 0:01:59][%cal Od4d3] And now ...d3! would win.} 21. Rb1 b6 $40 {[%emt 0:07:41][%mdl 128] Black mounts an attack.} (21... d3 $17 22. Rxb7+ Ka8) 22. Rb5 $2 (22. h3 $15) 22... Re5 23. Bg4 f5 24. f4 Re4 25. Bxf5 Rxf4 26. Bd3 Rdf8 27. Rb2 {[%emt 0:00:14] [#]} Re8 (27... Bb4 $142 $1 28. Qxf4 Qh3+ 29. Ke2 Rxf4 30. Rxb4 Qf3+ 31. Kd2 Qxh1 32. f3 Rxf3 33. Rb2 Rf2+ 34. Be2 Qf1 35. Rxb6+ axb6 36. Kd3 Qxe2+ 37. Kxd4 Qd2+ 38. Ke4 Rf4+ 39. Ke5 Qe3#) 28. h3 $19 Re3 29. a4 Rxh3 30. Rxh3 Qxh3+ 31. Ke1 Qh1+ 32. Ke2 Qf3+ 33. Ke1 a5 $2 (33... Rg4 {( -> ...Rg1+)} 34. Bf1 Re4+ 35. Qe2 Qc3+ 36. Kd1 Rxe2 37. Rxe2 Qd3+ 38. Rd2 Qxf1+ 39. Kc2 Qxc4+ 40. Kb1 d3 41. d6 Bd4 42. Rxd3 Qxd3+ 43. Kc1 Bc3 44. dxc7+ Kxc7 45. f4 Qd2+ 46. Kb1 Qb2#) 34. Qe2 Bb4+ 35. Kd1 Bc3 $2 ({Black should play} 35... Qh3 $19 {[%cal Of4f2] Hoping for ...Rxf2!} 36. Kc2 h5) 36. Ra2 $2 (36. Rb1 $1 $11 {and White has nothing to worry.}) 36... Qh1+ 37. Qf1 (37. Kc2 $142 Bb4 38. Rb2) 37... Qxf1+ 38. Bxf1 {[%emt 0:00:03][%mdl 4096] Endgame KRB-KRB} Re4 (38... Bb4 $19 {Strongly threatening ...Rf3.} 39. Bd3 h5) 39. Re2 $17 Rxe2 40. Kxe2 {[%emt 0:00:38] [#] KB-KB} Kc8 $1 41. Kf3 Kd8 42. Bd3 h6 43. Ke4 Ke7 44. Ke5 Bb4 45. Kxd4 Kd6 46. f4 $1 Bd2 47. f5 ({White must play} 47. Ke4 $1 $15) 47... Bf4 48. Ke4 {[%emt 0:01:49] [#]} (48. Be2 $17) 48... Bg5 (48... Bh2 $1 $19 49. Be2 Kc5) 49. Be2 Bf6 50. Bd1 Be5 51. Bh5 Bg3 52. Be2 Kc5 53. Kd3 (53. Kf3 $17 Bd6 54. Ke4) 53... Kb4 $19 54. Bd1 Bd6 55. Kd4 h5 56. Bxh5 Kxa4 57. c5 Bxc5+ 58. Kc4 Ka3 59. Bd1 Bd6 60. Bc2 Kb2 61. Ba4 Be5 62. Bd1 Kc1 63. Ba4 Kd2 64. Bb3 Ke3 65. Bc2 Kf4 ({Black should try} 65... Bd6 $17 66. Bb3 Ke4 67. Bc2+ Ke5) 66. Kb5 (66. d6 $1 $11 Bxd6 67. Kb5) 66... Bd6 $17 {[%emt 0:00:14] Black is better.} 67. Bb1 Ke5 68. Bd3 Kxd5 {[%emt 0:00:19][%cal Oa5a4] Threatens to win with ...a4!} 69. Bc2 Kd4 70. Bd1 Ke3 71. Ba4 Kf4 72. Bc2 Ke5 73. Bb1 Bc5 74. Bc2 Kd4 75. Ba4 {What a bad dream for White.  Weighted Error Value: White=0.84/Black=0.57} 1/2-1/2

[Event "GER-ch Youth-ODJM 2022"]
[Site "Willingen"]
[Date "2022.06.06"]
[Round "3.22"]
[White "Frohnhaeuser, Simon"]
[Black "Özdemir, Edwin-Daniel"]
[Result "1-0"]
[ECO "B43"]
[WhiteElo "1939"]
[BlackElo "1718"]
[Annotator "TA"]
[PlyCount "83"]
[EventDate "2022.06.05"]
[EventType "swiss"]
[EventRounds "9"]
[EventCountry "GER"]
[SourceTitle "playchess.com"]
[Source "ChessBase"]
[SourceQuality "1"]
[TimeControl "40/4500+30:900+30"]

1. e4 c5 2. Nf3 e6 3. d4 cxd4 4. Nxd4 a6 5. Nc3 b5 6. Bd3 Bb7 7. Qe2 d6 8. O-O Nd7 {[%emt 0:00:00] B43: Sicilian: Kan Variation: 5 Nc3.} (8... Be7 $14) 9. Bd2 (9. a4 $16) 9... Ngf6 10. a4 b4 {[%emt 0:05:55] White has an edge.} 11. Na2 {[%emt 0:00:00] [#]} Nc5 $146 ({Predecessor:} 11... a5 12. c3 bxc3 13. Nxc3 Be7 14. Bb5 Rc8 15. Kh1 O-O 16. f3 Nc5 17. Qe1 Qb6 {1-0 (109) Dembo,Y (2446)-Muzychuk,M (2436) Beijing 2008}) 12. Nxb4 Nfxe4 13. Bxe4 Nxe4 14. Be3 (14. Ndc6 $14 Qd7 15. Qxe4) 14... d5 $11 15. Nd3 Bd6 16. f3 Nf6 (16... Qh4 $2 17. g3 Nxg3 18. hxg3 Qxg3+ 19. Qg2 $16) 17. Nb3 Qc7 18. g3 O-O 19. Bc5 Rac8 20. Rfc1 (20. Bxd6 $1 $15 Qxd6 21. Qf2) 20... Nd7 $17 21. Bxd6 Qxd6 22. Kg2 (22. Nf2 $17 {is a better defense.}) 22... e5 $19 23. Na5 $2 (23. Qd2) 23... Ba8 24. Nf2 e4 25. Kg1 (25. Qd2 $142 Qe5 26. Qf4 (26. fxe4 $2 dxe4 27. Qe3 Qxa5 $19)) 25... exf3 26. Qd3 (26. Qd2 $142) 26... Ne5 ({Not} 26... Qb6 27. Nb3 $17) 27. Qd4 f5 {[%emt 0:00:49][%cal Of5f4] [#] Hoping for ...f4!} 28. Qf4 Qf6 {[%emt 0:00:48] aiming for ...Ng6.} 29. c3 Rfe8 {[%emt 0:00:42] Strongly threatening ...Qb6.} 30. Re1 Rb8 {[%emt 0:00:23] Inhibits Nb3.} 31. b4 Rbc8 (31... d4 $19 {and Black stays clearly on top.} 32. cxd4 Ng6) 32. Rac1 ({White should try} 32. Qd4) 32... g5 33. Qd4 Qd6 ({Better is} 33... Rc7 $17 {White must now prevent ...Rce7.} 34. b5 Rce7) 34. c4 $1 $11 Ng4 35. c5 Qh6 36. Nxg4 fxg4 37. c6 {[%emt 0:00:04] Active counter play!} Rxe1+ 38. Rxe1 {[%emt 0:00:19] Dancing on a razor blade.} Qh3 $2 {[%emt 0:00:34][%mdl 8192] [#]} (38... Bxc6 $11 39. Nxc6 Qxc6) 39. Qxd5+ {[%emt 0:00:20] White mates.} Kh8 40. Qe5+ Kg8 41. Qe6+ Kg7 42. Qd7+ {[%emt 0:00:13] What a bad dream for Black.  Weighted Error Value: White=0.28 (precise) /Black=0.47} 1-0

[Event "GER-ch Youth-ODJM 2022"]
[Site "Willingen"]
[Date "2022.06.07"]
[Round "4.1"]
[White "Maul, Maik Joel"]
[Black "Kalina, Lena"]
[Result "1-0"]
[ECO "A45"]
[WhiteElo "1532"]
[BlackElo "1735"]
[Annotator "NA RC COMBH"]
[PlyCount "105"]
[EventDate "2022.06.05"]
[EventType "swiss"]
[EventRounds "9"]
[EventCountry "GER"]
[SourceTitle "playchess.com"]
[Source "ChessBase"]
[SourceQuality "1"]
[TimeControl "40/4500+30:900+30"]

1. d4 Nf6 2. Nc3 d5 3. Bf4 c5 4. e3 cxd4 5. exd4 a6 6. Bd3 Nc6 7. Nce2 e6 8. Nf3 Bd7 9. c3 Be7 10. Qc2 b5 11. Ne5 Rc8 12. a3 Qb6 13. O-O b4 14. Nxd7 Nxd7 15. axb4 Nxb4 16. Qb1 Nxd3 17. Qxd3 a5 18. Ra2 Bd8 19. Rfa1 Qc6 20. Nc1 O-O 21. Nb3 Qb7 22. Qc2 Nf6 23. Nxa5 Qe7 24. Nb3 Bb6 25. Qe2 Bc7 26. Bxc7 Qxc7 27. Nc5 Qf4 28. Ra7 h6 29. b4 Rb8 30. b5 Rfc8 31. R7a6 Qc7 32. Qb2 Rb6 33. Rxb6 Qxb6 34. Ra6 Qd8 35. b6 Nd7 36. b7 Rb8 37. Ra8 Rxa8 38. bxa8=Q Qxa8 39. Nxd7 Qa4 40. Qb8+ Kh7 41. Nf8+ Kg8 42. Nxe6+ Kh7 43. Nf8+ Kg8 44. h3 Qa1+ 45. Kh2 Qxc3 46. Nd7+ Kh7 47. Qe8 Qc7+ 48. g3 Qa7 49. Qxf7 Qxd4 50. Nf8+ Kh8 51. Ng6+ Kh7 52. Ne7 Qa7 53. Qg8# 1-0

[Event "GER-ch Youth-ODJM 2022"]
[Site "Willingen"]
[Date "2022.06.07"]
[Round "4.2"]
[White "Andrade, Ruben"]
[Black "Goetz, Timon"]
[Result "1/2-1/2"]
[ECO "B20"]
[WhiteElo "1694"]
[BlackElo "1558"]
[Annotator "NA RC COMBH"]
[PlyCount "86"]
[EventDate "2022.06.05"]
[EventType "swiss"]
[EventRounds "9"]
[EventCountry "GER"]
[SourceTitle "playchess.com"]
[Source "ChessBase"]
[SourceQuality "1"]
[TimeControl "40/4500+30:900+30"]

1. e4 c5 2. c4 Nc6 3. Nc3 g6 4. g3 Bg7 5. Bg2 Nf6 6. Nge2 O-O 7. O-O a6 8. d3 Rb8 9. a4 Ne8 10. Be3 d6 11. Rb1 Nc7 12. d4 cxd4 13. Nxd4 Ne6 14. Nce2 Bd7 15. f4 Ncxd4 16. Nxd4 Nc5 17. a5 b6 18. axb6 Rxb6 19. b4 Na4 20. Qc2 Qb8 21. b5 axb5 22. cxb5 Bxb5 23. Rxb5 Rxb5 24. Qxa4 Rb4 25. Qd1 Rc8 26. f5 Rc3 27. Bf2 Rcc4 28. Nc2 Rb2 29. Ne3 Rd4 30. Qf3 Rd3 31. fxg6 hxg6 32. Rd1 Rb1 33. Rxb1 Qxb1+ 34. Bf1 Bd4 35. Qe2 Ra3 36. Nc4 Ra2 37. Qxa2 Qxa2 38. Bxd4 Qc2 39. e5 Qd1 40. Bf2 d5 41. Nb2 Qd2 42. Nd3 g5 43. h3 e6 1/2-1/2